 Dungeon Crawl Stone Soup version 0.30-a0-218-gedb9141078 (webtiles) character file.

Game seed: 2570970089151308887

29449 jlumianski the Cleaver (level 13, -34/96 HPs)
             Began as a Demonspawn Gladiator on Oct 6, 2022.
             Was a Priest of Qazlal.
             Killed from afar by Azrael (52 damage)
             ... with damnation
             ... on level 13 of the Dungeon.
             The game lasted 01:06:23 (11835 turns).

jlumianski the Cleaver (Demonspawn Gladiator)      Turns: 11835, Time: 01:06:23

Health: -34/96     AC: 25    Str: 20    XL:     13   Next: 15%
Magic:  16/21      EV:  7    Int: 12    God:    Qazlal [***...]
Gold:   982        SH: 24    Dex: 19    Spells: 12/12 levels left

rFire   . . .      SeeInvis .    S - +4 broad axe (vorpal)
rCold   . . .      Faith    .    v - +3 tower shield of Ehoojyhi {Regen+ Str+3}
rNeg    + . .      Spirit   .    N - +2 chain mail of Chimes {rN+}
rPois   +          Reflect  .    r - +1 hat {Will+}
rElec   .          Harm     .    V - +0 cloak {rCorr}
rCorr   +          Rampage  .    n - +1 pair of gloves
Will    +....                    J - +0 pair of boots
Stlth   ..........               H - amulet of regeneration
HPRegen 1.96/turn                o - ring "Lephod" {+Blink AC+4 Int+3 Dex+3 Slay+3}
MPRegen 0.17/turn                D - ring of poison resistance

@: no status effects
A: hooves 1, ignite blood 2, sharp scales 3, demonic magic 1, horns 1, weak 1
a: Renounce Religion, Evoke Blink, Upheaval, Elemental Force


You were on level 13 of the Dungeon.
You worshipped Qazlal.
Qazlal was most pleased with you.
You visited 2 branches of the dungeon, and saw 15 of its levels.
You also visited: Sewer.

You collected 1164 gold pieces.
You spent 182 gold pieces at shops.

Inventory:

Hand Weapons
 S - a +4 vorpal broad axe (weapon)
 U - a +1 demon whip of venom
Missiles
 d - 3 throwing nets (quivered)
 m - 11 boomerangs
 w - 17 poisoned darts
 B - 4 javelins
Armour
 e - a +0 plate armour
 n - a +1 pair of gloves (worn)
 r - a +1 hat of willpower (worn)
 u - +0 acid dragon scales
 v - the +3 tower shield of Ehoojyhi (worn) {Regen+ Str+3}
   (You found it on level 2 of the Dungeon)

   Str:       It affects your strength (+3).
   Regen:     It increases your rate of health regeneration.
 J - a +0 pair of boots (worn)
 N - the +2 chain mail of Chimes (worn) {rN+}
   (You found it on level 5 of the Dungeon)

   rN:        It protects you from negative energy.
 V - a +0 cloak of preservation (worn)
Jewellery
 h - an amulet of the acrobat
 o - the ring "Lephod" (left hand) {+Blink AC+4 Int+3 Dex+3 Slay+3}
   (You acquired it on level 9 of the Dungeon)

   [ring of protection]

   AC:        It affects your AC (+4).
   Int:       It affects your intelligence (+3).
   Dex:       It affects your dexterity (+3).
   Slay:      It affects your accuracy & damage with ranged weapons and melee
   (+3).
   +Blink:    It lets you blink.
 p - a ring of positive energy
 z - a +6 ring of dexterity
 A - an amulet of magic regeneration
 D - a ring of poison resistance (right hand)
 H - an amulet of regeneration (around neck)
Wands
 c - a wand of iceblast (16)
 j - a wand of digging (10)
 y - a wand of flame (48)
 O - a wand of mindburst (23)
 P - a wand of acid (10)
 Q - a wand of charming (29)
Scrolls
 a - 3 scrolls of identify
 g - a scroll of amnesia
 i - 5 scrolls of teleportation
 k - a scroll of immolation
 q - a scroll of magic mapping
 G - 2 scrolls of fear
 I - 3 scrolls of noise
Potions
 b - a potion of might
 f - 2 potions of resistance
 l - 10 potions of curing
 s - a potion of ambrosia
 x - 2 potions of magic
 C - a potion of haste
 E - 3 potions of cancellation
 F - 2 potions of brilliance
 L - a potion of attraction
 R - a potion of invisibility
 T - a potion of berserk rage
Miscellaneous
 K - a tin of tremorstones (1/2)


   Skills:
 + Level 7.5 Fighting
 + Level 12.1 Axes
 + Level 2.7 Throwing
 + Level 7.0 Armour
 + Level 4.7 Dodging
 + Level 1.0 Stealth
 + Level 8.5 Shields
 * Level 11.5 Invocations
 * Level 7.0 Evocations


You had 12 spell levels left.
You didn't know any spells.
Your spell library contained the following spells:

 Spells                   Type           Power      Damage    Failure   Level
 Kiss of Death            Conj/Necr      0%         2d5       100%        1
 Magic Dart               Conj           0%         1d3       100%        1
 Shock                    Conj/Air       0%         1d3       100%        1
 Call Imp                 Summ           0%         N/A       100%        2
 Cigotuvi's Dreadful Rot  Necr/Pois/Air  0%         N/A       100%        2
 Poisonous Vapours        Pois/Air       0%         N/A       100%        2
 Static Discharge         Conj/Air       0%         2-2/arc   100%        2
 Confusing Touch          Hex            0%         N/A       100%        3
 Ignite Poison            Fire/Tmut/Pois 0%         N/A       100%        3
 Inner Flame              Hex/Fire       0%         N/A       100%        3
 Kindle Blastsparks       Fire/Tloc/Air  0%         2d10      100%        3
 Mephitic Cloud           Conj/Pois/Air  0%         N/A       100%        3
 Vhi's Electric Charge    Tloc/Air       0%         N/A       100%        3
 Anguish                  Hex/Necr       0%         N/A       100%        4
 Cause Fear               Hex            0%         N/A       100%        4
 Dispel Undead            Necr           0%         3d6       100%        4
 Olgreb's Toxic Radiance  Pois           0%         N/A       100%        4
 Alistair's Intoxication  Tmut/Pois      0%         N/A       100%        5
 Arcjolt                  Conj/Air       0%         1d10      100%        5
 Blade Hands              Tmut           0%         N/A       100%        5
 Borgnjor's Vile Clutch   Necr/Erth      0%         N/A       100%        5
 Freezing Cloud           Conj/Ice/Air   0%         6-21      100%        5
 Irradiate                Conj/Tmut      0%         3d11      100%        5
 Lightning Bolt           Conj/Air       0%         1d11      100%        5
 Summon Forest            Summ/Tloc      0%         N/A       100%        5
 Summon Mana Viper        Hex/Summ       0%         N/A       100%        5
 Eringya's Noxious Bog    Tmut/Pois      0%         N/A       100%        6
 Summon Cactus Giant      Summ           0%         N/A       100%        6
 Dragon Form              Tmut           0%         N/A       100%        7
 Enfeeble                 Hex            0%         N/A       100%        7


Dungeon Overview and Level Annotations

Branches:
Dungeon (14/15)            Temple (1/1) D:5            Lair (0/5) D:9
    Orc (0/2) D:9          Vaults (0/5) D:13          Sewer (visited)

Altars:
Ashenzari
Cheibriados
Dithmenos
Fedhas
Gozag
Kikubaaqudgha
Qazlal
Ru
Sif Muna
Trog
Uskayaw
Wu Jian
Xom
Yredelemnul

Shops:
D:7 (=!!   D:12 (

Annotations:
D:7 3 runed translucent doors, billz999's ghost, novice OgAE
D:13 Azrael


Innate Abilities, Weirdness & Mutations

You have large cloven feet.
Your demonic aura often causes spilled blood to erupt in flames.
You are completely covered in razor-sharp scales. (AC +3, Slay +3)
Spells you cast may paralyse adjacent enemies.
You have a pair of small horns on your head.
You are weak. (Str -2)


Message History

Unknown command.
Okay, then.
Okay, then.
Okay, then.
Unknown command.
Activating: Elemental Force (0% risk of failure)
Press: ? - help, Dir - look around, f - activate Clouds arounds you coalesce and take form!
The storm surrounding you is now too weak to repel missiles.
You will no longer adapt resistances upon receiving elemental damage.
Azrael barely misses you. Azrael attacks as you move away!
You block Azrael's attack.
Your fire elemental hits Azrael.
You swap places.
Your air elemental hits Azrael but does no damage.
Azrael gestures at you. The bolt of fire hits you.
* * * LOW HITPOINT WARNING * * *
Your fire elemental hits Azrael.
Your fire elemental barely misses Azrael.
Your fire elemental hits Azrael.
Your earth elemental hits Azrael but does no damage.
Your air elemental hits Azrael!
Your air elemental hits Azrael but does no damage.
Your fire elemental hits Azrael.
Azrael completely misses your air elemental.
Your fire elemental hits Azrael.
Your fire elemental barely misses Azrael.
Your air elemental hits Azrael.
Your air elemental hits Azrael!
Your fire elemental hits Azrael. x3
Your air elemental hits Azrael.
Azrael gestures at your air elemental.
The sphere of damnation explodes!
The damnation engulfs your air elemental!!!
Your air elemental is destroyed!
Your air elemental disappears in a puff of smoke!
The damnation engulfs Azrael.
Azrael completely resists.
The damnation engulfs you!!!
Ouch! That really hurt!
You die...

.....# ####.'..... #'####
###..... ..# ###### .##
## ######## ##+## #
#).°...# #.... #######
######EEE...# #....
....#.#
#....EREE...#########....
###.#.#
#.####.§@.......○○○E☼○...
#.#...# #.#
#.§....#########....
#.###.###.# #.§....#
#☼... #........^#
#......# #....
#.######### ##.#####
#.... #.....# #..# #####
####### ##.# #
######'#### ##
#.#.......#


You could see Azrael (distracted, ally target), 3 friendly earth elementals and
3 friendly fire elementals.

Vanquished Creatures
  Gastronok (D:10)
  Nessos (D:13)
  Snorg (D:13)
  A vault guard (D:13)
  An ogre mage (D:9)
  A boulder beetle (D:12)
  3 two-headed ogres
  A centaur warrior (D:13)
  2 tengu warriors (D:13)
  Amaemon (D:7)
  5 necromancers (D:13)
  2 ugly things
  6 cyclopes
  Maurice (D:8)
  A gargoyle (D:13)
  An orange demon (D:8)
  A kobold demonologist (D:12)
  Maggie (D:6)
  An unseen horror (D:11)
  A komodo dragon (D:12)
  2 trolls
  Prince Ribbit (D:6)
  6 slime creatures (D:11)
  2 water elementals (D:11)
  3 shadows (D:11)
  A wyvern (D:10)
  11 yaks
  3 vampires
  3 vampire mosquitoes (D:11)
  2 fire elementals
  19 humans (D:13)
  5 wraiths
  Edmund (D:4)
  2 hell hounds (D:14)
  4 acid dragons
  2 ice beasts
  5 orc warriors
  A sky beast (D:7)
  An ogre (D:4)
  A phantom (D:5)
  4 centaurs
  2 kobold brigands (D:9)
  6 bullfrogs
  3 scorpions
  6 wights
  10 killer bees
  2 howler monkeys (D:9)
  4 electric eels (D:11)
  A crimson imp (D:6)
  4 orc priests
  A gnoll bouda (D:4)
  3 hounds (D:7)
  2 jellies (D:6)
  3 iguanas
  19 orc wizards
  5 gnolls
  10 adders
  5 white imps
  4 worms
  6 dart slugs
  43 orcs
  14 ball pythons
  2 bats
  12 endoplasms
  13 giant cockroaches
  6 goblins
  7 hobgoblins
  2 jackals (D:4)
  22 quokkas
  10 frilled lizards
  20 kobolds
  6 rats
365 creatures vanquished.

Vanquished Creatures (collateral kills)
  A tengu warrior (D:8)
1 creature vanquished.

Grand Total: 366 creatures vanquished

Notes
Turn   | Place    | Note
-------+----------+-------------------------------------------
     0 | D:1      | jlumianski the Demonspawn Gladiator began the quest for the
                  | Orb.
     0 | D:1      | Reached XP level 1. HP: 16/16 MP: 1/1
   143 | D:3      | Gained mutation: You have large cloven feet. [demonic
                  | ancestry]
   143 | D:3      | Reached XP level 2. HP: 15/22 MP: 2/2
   293 | D:3      | Reached skill level 3 in Axes
   304 | D:3      | Found a glowing drain.
   342 | D:3      | Gained mutation: You are partially covered in razor-sharp
                  | scales. (AC +1, Slay +1) [demonic ancestry]
   342 | D:3      | Reached XP level 3. HP: 23/27 MP: 3/3
   348 | Sewer    | Entered a sewer
   555 | Sewer    | Reached skill level 1 in Armour
   555 | Sewer    | Reached XP level 4. HP: 30/34 MP: 4/4
   726 | Sewer    | Noticed a bullfrog
   731 | Sewer    | Killed a bullfrog
   732 | Sewer    | Reached skill level 4 in Axes
   732 | Sewer    | Gained mutation: You are mostly covered in razor-sharp
                  | scales. (AC +2, Slay +2) [demonic ancestry]
   732 | Sewer    | Reached XP level 5. HP: 30/40 MP: 5/5
  1182 | D:1      | You fall into a shaft and drop 1 floor!
  1521 | D:1      | Found a faded altar of an unknown god.
  1527 | D:1      | Got Plato's Handbook of the Lungs
  2158 | D:2      | Identified the +3 tower shield of Ehoojyhi {Regen+ Str+3}
  2634 | D:3      | Reached skill level 5 in Axes
  2634 | D:3      | Gained mutation: Spells you cast may paralyse adjacent
                  | enemies. [demonic ancestry]
  2634 | D:3      | Reached XP level 6. HP: 34/47 MP: 6/6
  2946 | D:5      | Entered Level 5 of the Dungeon
  2946 | D:5      | Noticed Edmund
  2946 | D:5      | Found a staircase to the Ecumenical Temple.
  2981 | D:4      | Killed Edmund
  2982 | D:4      | Reached skill level 1 in Shields
  3046 | D:4      | Reached XP level 7. HP: 48/52 MP: 7/7
  3071 | Temple   | Entered the Ecumenical Temple
  3110 | Temple   | Became a worshipper of Qazlal Stormbringer
  3227 | D:4      | Reached skill level 1 in Invocations
  3447 | D:4      | Got Baipn's Dissertation on Toxic Malediction
  3591 | D:4      | Reached * piety under Qazlal
  3598 | D:4      | Reached skill level 6 in Axes
  4114 | D:5      | Found a shimmering blue altar of Sif Muna.
  4115 | D:5      | Found a shimmering altar of Xom.
  4118 | D:5      | Identified the +2 chain mail of Chimes {rN+}
  4209 | D:6      | Noticed Prince Ribbit
  4487 | D:5      | Gained mutation: Your demonic aura sometimes causes spilled
                  | blood to erupt in flames. [demonic ancestry]
  4487 | D:5      | Reached XP level 8. HP: 58/58 MP: 10/10
  4761 | D:6      | Noticed Maggie
  4774 | D:6      | Killed Maggie
  4888 | D:6      | Reached ** piety under Qazlal
  4889 | D:6      | Reached skill level 7 in Axes
  5297 | D:6      | Killed Prince Ribbit
  5522 | D:7      | Found a runed translucent gate.
  5522 | D:7      | Found a runed translucent gate.
  5522 | D:7      | Found a runed translucent gate.
  5523 | D:7      | Noticed a kobold demonologist
  5523 | D:7      | Noticed billz999's ghost (novice OgAE)
  5539 | D:7      | Reached skill level 5 in Invocations
  5539 | D:7      | Reached XP level 9. HP: 66/66 MP: 12/12
  5581 | D:7      | Gained mutation: Armour fits poorly on your strangely
                  | shaped body. [potion of mutation]
  5581 | D:7      | Gained mutation: You are strong-willed. (Will+) [potion of
                  | mutation]
  5582 | D:7      | Lost mutation: You are strong-willed. (Will+) [potion of
                  | mutation]
  5582 | D:7      | Lost mutation: Armour fits poorly on your strangely shaped
                  | body. [potion of mutation]
  5582 | D:7      | Gained mutation: You are weak. (Str -2) [potion of
                  | mutation]
  5582 | D:7      | Gained mutation: You have a pair of small horns on your
                  | head. [potion of mutation]
  5634 | D:7      | Found Usyirph's Distillery.
  5644 | D:7      | Bought a potion of curing for 42 gold pieces
  5846 | D:7      | Found Iloesh's Antique Weapon Emporium.
  5872 | D:7      | Found Hedargh's Distillery.
  5881 | D:7      | Bought a potion of berserk rage for 70 gold pieces
  5881 | D:7      | Bought a potion of heal wounds for 70 gold pieces
  5980 | D:7      | Found Miloddae's Jewellery Emporium.
  6438 | D:8      | Noticed Amaemon
  6442 | D:8      | Reached skill level 8 in Axes
  6442 | D:8      | Noticed an orange demon
  6476 | D:7      | Killed Amaemon
  6499 | D:8      | Killed an orange demon
  6500 | D:8      | Reached skill level 5 in Fighting
  6833 | D:8      | Noticed Maurice
  6855 | D:8      | Killed Maurice
  6856 | D:8      | Reached skill level 5 in Armour
  6856 | D:8      | Reached XP level 10. HP: 73/74 MP: 15/15
  6886 | D:8      | Reached skill level 5 in Shields
  7047 | D:9      | Found a basalt altar of Yredelemnul.
  7066 | D:9      | Reached *** piety under Qazlal
  7416 | D:9      | Found a staircase to the Lair.
  7554 | D:10     | Entered Level 10 of the Dungeon
  7563 | D:9      | Reached skill level 9 in Axes
  7840 | D:9      | Identified a scroll of acquirement
  7840 | D:9      | Acquired the ring "Lephod" {+Blink AC+4 Int+3 Dex+3 Slay+3}
  7971 | D:9      | Reached **** piety under Qazlal
  7974 | D:9      | Found a staircase to the Orcish Mines.
  8101 | D:10     | Found a snail-covered altar of Cheibriados.
  8126 | D:10     | Noticed Gastronok
  8147 | D:10     | Killed Gastronok
  8148 | D:10     | Reached skill level 1 in Evocations
  8247 | D:10     | Noticed a two-headed ogre
  8261 | D:10     | Killed a two-headed ogre
  8262 | D:10     | Gained mutation: You are completely covered in razor-sharp
                  | scales. (AC +3, Slay +3) [demonic ancestry]
  8262 | D:10     | Reached XP level 11. HP: 81/81 MP: 17/17
  8444 | D:10     | Noticed a two-headed ogre
  8450 | D:10     | Killed a two-headed ogre
  8493 | D:10     | Noticed an ogre mage
  8496 | D:10     | Noticed a tengu warrior
  8514 | D:9      | Paralysed by something for 5 turns
  8516 | D:9      | Killed an ogre mage
  8517 | D:9      | Reached skill level 10 in Axes
  8684 | D:8      | Killed a tengu warrior
  8852 | D:10     | Found an opulent altar of Gozag.
  9367 | D:12     | Noticed a brown ugly thing
  9465 | D:11     | Noticed a two-headed ogre
  9473 | D:11     | Killed a two-headed ogre
 10172 | D:11     | Killed a brown ugly thing
 10173 | D:11     | Reached skill level 11 in Axes
 10173 | D:11     | Reached skill level 5 in Evocations
 10173 | D:11     | Gained mutation: Your demonic aura often causes spilled
                  | blood to erupt in flames. [demonic ancestry]
 10173 | D:11     | Reached XP level 12. HP: 85/89 MP: 19/19
 10246 | D:12     | Found Oshutteo's Weapon Emporium.
 10304 | D:12     | Reached skill level 10 in Invocations
 10551 | D:12     | Noticed a boulder beetle
 10568 | D:12     | Killed a boulder beetle
 11152 | D:13     | Noticed a centaur warrior
 11159 | D:13     | Killed a centaur warrior
 11184 | D:13     | Noticed a tengu warrior
 11189 | D:13     | Noticed a tengu warrior
 11195 | D:13     | Killed a tengu warrior
 11197 | D:13     | Killed a tengu warrior
 11314 | D:13     | Noticed Snorg
 11336 | D:13     | Killed Snorg
 11386 | D:13     | Noticed Nessos
 11398 | D:13     | Killed Nessos
 11413 | D:13     | Reached skill level 1 in Stealth
 11572 | D:13     | Reached XP level 13. HP: 87/96 MP: 21/21
 11614 | D:13     | Found a gate to the Vaults.
 11622 | D:13     | Reached skill level 12 in Axes
 11748 | D:13     | Noticed Azrael
 11835 | D:13     | Killed from afar by Azrael

Illustrated notes

Levels and vault maps discovered:
D:1:      dpeg_arrival_rooms_c, layout_loops_corners,
          shapermc_ecumenical_altar_rom_forum
D:2:      layout_loops_ring, minmay_parallelograms
D:3:      layout_rooms, gup_sewer_entry_pipe
D:4:      layout_gridville
D:5:      layout_cave_pools, gammafunk_temple_overflow_claw,
          minmay_temple_entry_mist, st_stairs_12, hangedman_decor_riveting,
          hangedman_glass_teeth, uniq_edmund
D:6:      layout_loops_cross, hellmonk_bongcloud_opening,
          minmay_fire_ice_demons, uniq_maggie, uniq_prince_ribbit1
D:7:      layout_basic, serial_shops, nicolae_shop_hallway_plus,
          nicolae_shop_crystal, nicolae_lakefront_shop, nicolae_shop_waterfront,
          gammafunk_ghost_nasty_kobolds, kennysheep_generic_room_4
D:8:      layout_rooms, serial_co_window_serial, co_window_paths_b,
          co_window_paths_a, co_window_of_opportunity_a, co_window_corner_a,
          co_window_paths_a, co_window_paths_a, co_window_corner_a,
          co_window_corner_b, co_window_broadway_c, co_window_paths_c,
          co_window_broadway_a, co_window_broadway_a, co_window_broadway_b,
          co_window_paths_c, glass_columns_a, glass_columns_a, glass_columns_a,
          uniq_maurice, uniq_amaemon
D:9:      layout_roguey, mainiacjoe_overflow_catwalk, lair_entry_dummy,
          erik_orc_2
D:10:     layout_basic, kennysheep_little_box, mainiacjoe_overflow_alcove_4,
          minmay_fractal_squares_gapless_7, uniq_gastronok
D:11:     layout_basic, kennysheep_big_empty_room, kennysheep_nub
D:12:     layout_irregular_city, serial_shops,
          nicolae_shop_bloodbath_and_beyond, grunt_ministairs_10
D:13:     layout_roguey, grunt_vaults_entry_tiered, uniq_azrael, uniq_snorg,
          uniq_nessos
D:14:     layout_stronghold, minmay_holes, uniq_kirke
Temple:   nicolae_temple_superstar

Skill      XL: |  1  2  3  4  5  6  7  8  9 10 11 12 13 |
---------------+----------------------------------------+-----
Dodging        | 3 4 |  4.7
Axes           | 3 4 5 6 7 8 9 11 12 | 12.1
Armour         | 1 2 3 5 6 7 |  7.0
Fighting       | 3 4 5 6 7 |  7.5
Shields        | 1 2 3 4 6 7 8 |  8.5
Invocations    | 3 5 7 8 9 11 | 11.5
Throwing       | 2 |  2.7
Evocations     | 2 5 6 7 |  7.0
Stealth        | 1 |  1.0

Action                   |  1- 3 |  4- 6 |  7- 9 | 10-12 | 13-15 || total
-------------------------+-------+-------+-------+-------+-------++-------
Melee: War axe           |   118 |   186 |   112 |       |       ||   416
       Kick              |    15 |    40 |    12 |       |       ||    67
       Broad axe         |       |       |   108 |   297 |    34 ||   439
       Headbutt          |       |       |    12 |    70 |     9 ||    91
Throw: Javelin           |       |     1 |       |     1 |       ||     2
       Boomerang         |       |       |     4 |     6 |       ||    10
Invok: Elemental Force   |       |       |       |     5 |     2 ||     7
Evoke: Tin of tremorston |       |       |       |       |     1 ||     1
  Use: Scroll            |     2 |     7 |    11 |     8 |     1 ||    29
       Potion            |     1 |     2 |     5 |     1 |     1 ||    10
 Stab: Distracted        |       |       |       |     1 |       ||     1
Armor: Leather armour    |    11 |       |       |       |       ||    11
       Scale mail        |    36 |    58 |       |       |       ||    94
       Chain mail        |       |    21 |   124 |   175 |    24 ||   344
Dodge: Dodged            |   100 |   104 |    35 |    61 |     6 ||   306
       Repelled          |       |       |       |     1 |       ||     1
Block: Tower shield      |       |    78 |   268 |   488 |    54 ||   888

Table legend: (Time is in decaauts)
 A = Elapsed time spent in this place.
 B = Non-inter-level travel time spent in this place.
 C = Inter-level travel time spent in this place.
 D = Time resting spent in this place.
 E = Time spent auto-exploring this place.
 F = Levels seen in this place.
 G = Mean time per level.
                   A        B        C        D        E       F      G
               +--------+--------+--------+--------+--------+-----+--------+
         Total |  12409 |  12249 |    160 |    210 |   6907 |  16 |  775.6 |
       Dungeon |  11796 |  11636 |    160 |    155 |   6866 |  14 |  842.6 |
        Temple |     56 |     56 |      0 |      0 |     18 |   1 |   56.0 |
         Sewer |    556 |    556 |      0 |     55 |     23 |   1 |  556.0 |
               +--------+--------+--------+--------+--------+-----+--------+

Top non-repeatable levels by time:
     D:1: 1071 daAuts
     D:9: 1046 daAuts
     D:4: 1017 daAuts
    D:10: 998 daAuts
    D:11: 985 daAuts
     D:7: 980 daAuts
     D:8: 918 daAuts
    D:12: 865 daAuts
     D:6: 810 daAuts
    D:13: 801 daAuts
     D:5: 778 daAuts
     D:2: 753 daAuts
     D:3: 715 daAuts
   Sewer: 556 daAuts
  Temple: 56 daAuts
